[Event "Titled Tuesday Blitz October 11 Late 2022"]
[White "Kukula, Pawel"]
[Black "Rodriguez Santiago, Jaime"]
[WhiteFideId "1115081"]
[BlackFideId "3100898"]
[WhiteElo "2062"]
[BlackElo "2025"]
[Result "1-0"]
[Round "03"]
[TimeControl "180+1"]
[Date "2022.10.12"]
[WhiteClock "0:00:09"]
[BlackClock "0:00:19"]

1. e4 c6 2. d4 d5 3. exd5 cxd5 4. Nf3 Bg4 5. Bb5+ Nc6 6. h3 Bh5 7. g4 Bg6 8. Ne5 Rc8 9. Nc3 e6 10. h4 f6 11. h5 Bf7 12. Nxf7 Kxf7 13. Be3 Bb4 14. Kf1 Bxc3 15. bxc3 Qa5 16. Rb1 Qxc3 17. Bd3 b6 18. Rh3 Qa5 19. g5 Nge7 20. Bxh7 Rxh7 21. g6+ Kg8 22. gxh7+ Kh8 23. h6 g5 24. Qh5 Rf8 25. Rf3 Qxa2 26. Rc1 Qc4+ 27. Kg2 Nxd4 28. Rxf6 Rxf6 29. Qe8+ Kxh7 30. Qxe7+ Kg6 31. Qg7+ Kf5 32. Qxg5+ Ke4 33. Qg4+ Ke5 34. Bxd4+ Qxd4 35. Re1+ Qe4+ 36. Rxe4+ dxe4 37. h7 Rh6 38. Qg7+ Kf5 39. Qxh6 e3 40. h8=Q e2 41. Q8f6+ Ke4 42. Qe3+ Kd5 43. Qfxe6# 1-0


[Site "https://www.chess.com"]

[Event "Titled Tuesday Blitz October 11 Late 2022"]
[White "Lazavik, Denis"]
[Black "Girel, Joseph"]
[WhiteFideId "13515110"]
[BlackFideId "36033561"]
[WhiteElo "2437"]
[BlackElo "2281"]
[Result "1/2-1/2"]
[Round "03"]
[TimeControl "180+1"]
[Date "2022.10.11"]
[WhiteClock "0:00:11"]
[BlackClock "0:00:52"]

1. d4 Nf6 2. c4 e6 3. Nf3 d5 4. g3 Be7 5. Bg2 O-O 6. O-O dxc4 7. Qc2 b5 8. a4 b4 9. Nbd2 Bb7 10. Nxc4 c5 11. dxc5 Nbd7 12. Nfe5 Bxg2 13. Kxg2 Nxe5 14. Nxe5 Qd5+ 15. Nf3 Bxc5 16. Rd1 Qh5 17. Bg5 Rac8 18. Bxf6 gxf6 19. Qe4 Qg6 20. Nd2 Rfd8 21. Qxg6+ hxg6 22. Nc4 Bd4 23. Rac1 f5 24. b3 Bf6 25. h4 Kg7 26. e3 Rd5 27. Kf3 Rcd8 28. Ke2 Rc8 29. Nd2 Rcd8 30. Nc4 Rc8 31. Rd3 Bc3 32. Rcd1 Rcd8 33. Na5 R8d6 34. Nb7 Rd7 35. Na5 Kf6 36. Nc4 Rd8 37. Na5 R8d6 38. Nc4 Rd8 39. Na5 R8d6 40. Nc4 Rd8 1/2-1/2


[Site "https://www.chess.com"]

[Event "Titled Tuesday Blitz October 11 Late 2022"]
[White "Leiva, Gianmarco"]
[Black "Zochowski, Kacper"]
[WhiteFideId "3804399"]
[BlackFideId "1125494"]
[WhiteElo "2285"]
[BlackElo "2292"]
[Result "1-0"]
[Round "03"]
[TimeControl "180+1"]
[Date "2022.10.12"]
[WhiteClock "0:00:06"]
[BlackClock "0:00:06"]

1. e4 d6 2. d4 g6 3. Nf3 Bg7 4. Nc3 a6 5. a4 b6 6. Bd3 e6 7. h4 h6 8. Be3 Bb7 9. Qd2 Nd7 10. Ne2 Ne7 11. Ng3 Nf6 12. Qe2 c5 13. c3 O-O 14. h5 g5 15. Bxg5 hxg5 16. h6 Bh8 17. h7+ Nxh7 18. Rxh7 Ng6 19. Rh2 cxd4 20. Nxd4 Bxd4 21. cxd4 Nf4 22. Qe3 Qf6 23. O-O-O Rfc8+ 24. Kb1 Kf8 25. Nh5 Qh6 26. Rdh1 Nxd3 27. Qxd3 Qg6 28. Ng3 Ke7 29. Rh6 Qg7 30. Rh7 Qf6 31. d5 exd5 32. exd5 Kd7 33. Ne4 Qe7 34. R1h6 Kc7 35. Nxd6 Rf8 36. Qc3+ Kb8 37. Nxb7 Qe4+ 38. Qc2 Qxc2+ 39. Kxc2 Kxb7 40. Rf6 Rac8+ 41. Kd3 Rc7 42. Rg7 Rd7 43. Rxg5 a5 44. Rgf5 Ka6 45. g4 Rc7 46. g5 Rc1 47. Rxf7 Rd8 48. g6 Rd1+ 49. Ke2 Rb1 50. g7 Re8+ 51. Kf3 Rg1 52. Kf4 Re2 53. f3 Reg2 54. d6 Rd2 55. d7 Rd3 56. Rg5 Rf1 57. Rg3 Rd4+ 58. Ke3 Rfd1 59. Rg2 R1d3+ 60. Kf2 Rd2+ 61. Kg3 Rd6 62. g8=Q Rg6+ 63. Qxg6 Rxg2+ 64. Kxg2 Kb7 65. d8=Q+ Ka6 66. Qdxb6# 1-0


[Site "https://www.chess.com"]

[Event "Titled Tuesday Blitz October 11 Late 2022"]
[White "Levitskiy, Andrey"]
[Black "Reprintsev, Alexander"]
[WhiteFideId "14132885"]
[BlackFideId "14100541"]
[WhiteElo "2318"]
[BlackElo "2230"]
[Result "1/2-1/2"]
[Round "03"]
[TimeControl "180+1"]
[Date "2022.10.12"]
[WhiteClock "0:00:04"]
[BlackClock "0:00:17"]

1. e4 d5 2. exd5 Qxd5 3. Nc3 Qa5 4. d4 Nf6 5. Nf3 Nc6 6. Bb5 Ne4 7. Bd2 Nxc3 8. Bxc6+ bxc6 9. Bxc3 Qd5 10. Qe2 Bg4 11. h3 Bxf3 12. gxf3 e6 13. Rg1 g6 14. Qe5 Qxe5+ 15. dxe5 O-O-O 16. Rg4 Bc5 17. Rc4 Rd5 18. b4 Bb6 19. Rxc6 Rhd8 20. a4 Bd4 21. Bxd4 Rxd4 22. c3 Rf4 23. Ke2 Rd5 24. Rc5 Rxc5 25. bxc5 Rf5 26. f4 Rxf4 27. Ke3 Rc4 28. Kd3 Rxc5 29. f4 Rd5+ 30. Ke3 Ra5 31. Kd4 Kd7 32. c4 c5+ 33. Kc3 Ra6 34. a5 Rc6 35. Rb1 Kc8 36. Kb3 Rc7 37. Ka4 f6 38. a6 fxe5 39. fxe5 Rf7 40. Kb5 Rf5 41. Kxc5 Rxe5+ 42. Kc6 Ra5 43. c5 Rxa6+ 44. Kb5 Ra2 45. Rf1 Kd8 46. Rd1+ Ke7 47. c6 Rc2 48. Ra1 Kf6 49. Rxa7 h5 50. c7 g5 51. Kb6 g4 52. hxg4 hxg4 53. Ra8 Kf5 54. Rf8+ Ke4 55. Re8 e5 56. c8=Q Rxc8 57. Rxc8 g3 58. Rg8 Kf3 59. Kc5 g2 60. Kd5 Kf2 61. Rf8+ Ke2 62. Rg8 Kf2 63. Kxe5 g1=Q 64. Rxg1 Kxg1 1/2-1/2


[Site "https://www.chess.com"]

[Event "Titled Tuesday Blitz October 11 Late 2022"]
[White "Lopez Del Alamo, Antonio"]
[Black "Hemam, Moulaye Brahim"]
[WhiteFideId "2227339"]
[BlackFideId "19600054"]
[WhiteElo "2175"]
[BlackElo "2088"]
[Result "1/2-1/2"]
[Round "03"]
[TimeControl "180+1"]
[Date "2022.10.12"]
[WhiteClock "0:00:13"]
[BlackClock "0:00:14"]

1. e4 c5 2. Nf3 Nc6 3. Bb5 g6 4. Bxc6 bxc6 5. O-O Bg7 6. c3 d6 7. h3 Nf6 8. Re1 O-O 9. d4 cxd4 10. cxd4 Nd7 11. Nc3 c5 12. Be3 cxd4 13. Bxd4 Nf6 14. Qd2 Bb7 15. Rad1 Qa5 16. Bxf6 Bxf6 17. Nd5 Qxa2 18. Nxf6+ exf6 19. Qxd6 Qe6 20. Qxe6 fxe6 21. Rd7 Rf7 22. Red1 Raf8 23. Rxf7 Rxf7 24. Rd8+ Kg7 25. Nd4 Re7 26. f3 e5 27. Nb5 Ba6 28. Nc3 Bc4 29. Rc8 Bf7 30. Rb8 Rd7 31. Nd5 Bxd5 32. exd5 Rxd5 33. Rb7+ Kh6 34. Rxa7 Rd1+ 35. Kh2 Rd2 36. Rb7 f5 37. b4 Rb2 38. b5 e4 39. fxe4 fxe4 40. Kg3 Kg5 41. b6 Rb3+ 42. Kf2 h5 43. Rb8 Kh6 44. b7 Kg7 45. h4 Kh7 46. Ke2 Kg7 47. Kd2 Kh7 48. Kc2 Rb6 49. Kc3 e3 50. Kd3 Rb3+ 51. Ke2 Kg7 52. g3 Kh7 53. Kf3 Kg7 54. Ke2 Kh7 55. Kd1 Kg7 56. Ke2 1/2-1/2


[Site "https://www.chess.com"]

[Event "Titled Tuesday Blitz October 11 Late 2022"]
[White "Machidon, Cristi"]
[Black "Skatchkov, Valery"]
[WhiteFideId "13904590"]
[BlackFideId "24195812"]
[WhiteElo "2312"]
[BlackElo "2199"]
[Result "0-1"]
[Round "03"]
[TimeControl "180+1"]
[Date "2022.10.12"]
[WhiteClock "0:00:09"]
[BlackClock "0:00:22"]

1. d4 Nf6 2. c4 e6 3. Nc3 d5 4. cxd5 exd5 5. Bg5 Bb4 6. e3 h6 7. Bxf6 Qxf6 8. Qa4+ Nc6 9. Bb5 Bd7 10. Bxc6 Bxc3+ 11. bxc3 Bxc6 12. Qa3 Qg6 13. Ne2 Qxg2 14. Rg1 Qxh2 15. Rxg7 a6 16. Rd1 O-O-O 17. Rxf7 Qh5 18. Qe7 Rd7 19. Rf8+ Rxf8 20. Qxf8+ Rd8 21. Qe7 Qf5 22. Nf4 Re8 23. Qh4 Qc2 24. Rd2 Qxc3 25. Qxh6 Bb5 26. Qh5 Rg8 27. Ne2 Qa1+ 28. Rd1 Qxa2 29. Qh3+ Kb8 30. Rd2 Qa1+ 31. Rd1 Qb2 32. Rd2 Qb1+ 33. Rd1 Qb4+ 34. Rd2 a5 35. Ng3 a4 36. Qf5 Rd8 37. Qc2 Bc4 38. Qb2 Qa5 39. Kd1 a3 40. Qa1 a2 41. Ne2 Bb3+ 42. Kc1 Rh8 43. Rd3 Rh1+ 0-1


[Site "https://www.chess.com"]

[Event "Titled Tuesday Blitz October 11 Late 2022"]
[White "Makaraci, Tunahan"]
[Black "Rorrer, Grayson"]
[WhiteFideId "6356559"]
[BlackFideId "30944996"]
[WhiteElo "2175"]
[BlackElo "2130"]
[Result "1-0"]
[Round "03"]
[TimeControl "180+1"]
[Date "2022.10.12"]
[WhiteClock "0:02:10"]
[BlackClock "0:02:29"]

1. e4 c5 2. Nf3 d6 3. d4 cxd4 4. Nxd4 Nf6 5. Nc3 a6 6. Bc4 e6 7. Bb3 b5 8. Bg5 Be7 9. Qf3 Qc7 10. Bxf6 Bxf6 11. O-O-O O-O 12. e5 Bg5+ 13. Kb1 d5 14. Qg3 Be7 15. f4 Nd7 16. Bxd5 Bb7 17. Nxe6 1-0


[Site "https://www.chess.com"]

[Event "Titled Tuesday Blitz October 11 Late 2022"]
[White "Matinian, Nikita"]
[Black "Meunier-Pion, Jean"]
[WhiteFideId "24129100"]
[BlackFideId "20685327"]
[WhiteElo "2422"]
[BlackElo "2124"]
[Result "1-0"]
[Round "03"]
[TimeControl "180+1"]
[Date "2022.10.12"]
[WhiteClock "0:00:08"]
[BlackClock "0:00:06"]

1. e4 c5 2. Nf3 d6 3. d4 cxd4 4. Nxd4 Nf6 5. Nc3 a6 6. Bg5 Nbd7 7. Bc4 Qa5 8. Qd2 e6 9. O-O-O b5 10. Bxe6 fxe6 11. Nxe6 b4 12. Nd5 Qxa2 13. Qxb4 a5 14. Qd4 Bb7 15. Nec7+ Kd8 16. Nxa8 Bxa8 17. Nxf6 Be7 18. e5 Nxe5 19. Qxe5 Qa1+ 20. Kd2 Qxd1+ 21. Rxd1 dxe5 22. Ke2+ Kc8 23. Ne4 Bxe4 24. Bxe7 Bxg2 25. Rg1 Re8 26. Bd6 Be4 27. Rxg7 Bxc2 28. Rc7+ Kd8 29. Rxc2 Re6 30. Bc7+ Kd7 31. Bxa5 Ra6 32. Bc3 Ke6 33. Ke3 Kf5 34. f3 Rh6 35. Rd2 Rh3 36. Rd5 Rxh2 37. Rxe5+ Kg6 38. Re6+ Kf5 39. Rf6+ Kg5 40. Rf8 h5 41. Bf6+ Kg6 42. Be5 Rh1 43. Kf4 Rh4+ 44. Kg3 Rh1 45. Rf6+ Kh7 46. Kf4 Rg1 47. Kf5 h4 48. Rf7+ Kg8 49. Ra7 h3 50. Ra8+ Kf7 51. Rh8 Rh1 52. f4 h2 53. b4 Ke7 54. b5 Kd7 55. Rh7+ Kc8 56. b6 Rb1 57. Rxh2 Rxb6 58. Rh7 Kd8 59. Kg5 Ke8 60. f5 Rb5 61. Bf6 Rb1 62. Kg6 Rg1+ 63. Bg5 Rb1 64. Re7+ Kf8 65. Rd7 Rb8 66. Rd8+ Rxd8 67. Bxd8 Ke8 68. Bg5 Kf8 69. f6 Kg8 70. f7+ Kf8 71. Bh6+ 1-0


[Site "https://www.chess.com"]

[Event "Titled Tuesday Blitz October 11 Late 2022"]
[White "Mazurkiewicz, Michal"]
[Black "Vlassov, Nikolai"]
[WhiteFideId "1124943"]
[BlackFideId "4103360"]
[WhiteElo "2063"]
[BlackElo "2324"]
[Result "1/2-1/2"]
[Round "03"]
[TimeControl "180+1"]
[Date "2022.10.12"]
[WhiteClock "0:00:08"]
[BlackClock "0:00:13"]

1. e4 c5 2. Nf3 d6 3. g3 g6 4. Bg2 Bg7 5. O-O Nc6 6. Re1 Nf6 7. d3 O-O 8. e5 dxe5 9. Nxe5 Nxe5 10. Rxe5 Bg4 11. Qe1 Qb6 12. Nc3 Rac8 13. Bg5 Qxb2 14. h3 Be6 15. Re2 Nd7 16. Bd2 Qxc2 17. Rc1 Qxd3 18. Bxb7 Rb8 19. Be4 Qa6 20. Bf4 Rb4 21. Bg2 Rc4 22. Bf1 Qa5 23. Rxe6 Rxc3 24. Re3 Ra3 25. Qxa5 Rxa5 26. Rxe7 Nb6 27. Rc7 Bd4 28. Bd6 Rxa2 29. Bxc5 Bxc5 30. R1xc5 Rd8 31. Rb7 Rdd2 32. Rcc7 Rxf2 33. Rxa7 Rxa7 34. Rxa7 Rb2 35. Ba6 h5 36. Rb7 Kg7 37. Bf1 Kf6 38. Bg2 Ke6 39. Bf1 Na4 40. Bc4+ Ke5 41. Rxb2 Nxb2 42. Bxf7 Kf6 43. Be8 Nd3 44. g4 h4 45. Kg2 g5 46. Bb5 Nf4+ 47. Kh2 Ke5 48. Bf1 Ke4 49. Bg2+ Ke3 50. Bf1 Kf2 51. Ba6 Ng6 52. Bb7 Ne5 53. Ba6 Nf3+ 54. Kh1 Kg3 55. Bf1 Nd2 56. Bg2 Nc4 57. Bf1 Ne3 58. Bd3 Kxh3 59. Be2 Kg3 60. Kg1 Nxg4 61. Bc4 Ne3 62. Ba6 g4 63. Bb7 h3 64. Kh1 Nd1 65. Kg1 Nf2 66. Ba8 h2+ 67. Kf1 Nh1 68. Bxh1 Kh3 69. Bg2+ Kg3 70. Bh1 Kh3 71. Bg2+ Kg3 1/2-1/2


[Site "https://www.chess.com"]

[Event "Titled Tuesday Blitz October 11 Late 2022"]
[White "Mekhane, Adam"]
[Black "Kravtsiv, Martyn"]
[WhiteFideId "36050601"]
[BlackFideId "14113147"]
[WhiteElo "2175"]
[BlackElo "2694"]
[Result "1-0"]
[Round "03"]
[TimeControl "180+1"]
[Date "2022.10.11"]
[WhiteClock "0:00:32"]
[BlackClock "0:00:04"]

1. e4 e5 2. Nf3 Nc6 3. Bb5 a6 4. Ba4 Nf6 5. O-O Be7 6. Bxc6 dxc6 7. d3 Nd7 8. Nbd2 O-O 9. Nc4 f6 10. Nh4 Nc5 11. Nf5 Bxf5 12. exf5 Qd5 13. Qg4 Rfe8 14. Re1 Bf8 15. Be3 Rad8 16. Nd2 e4 17. Bxc5 Qxc5 18. Nxe4 Qe5 19. Re3 Qxb2 20. Rae1 Kh8 21. Qh5 h6 22. Qg6 Re7 23. Nxf6 gxf6 24. Rxe7 Bxe7 25. Qxh6+ Kg8 26. Qg6+ Kf8 27. Qh6+ Ke8 28. Qg7 Qa3 29. Qg8+ Kd7 30. Qe6+ Ke8 31. Qxf6 Qd6 32. Qg7 Qb4 33. Qg8+ Kd7 34. Qe6+ Ke8 35. f6 1-0


[Site "https://www.chess.com"]

[Event "Titled Tuesday Blitz October 11 Late 2022"]
[White "Melikhov, Evgeny V."]
[Black "Aghasiyev, Kamal"]
[WhiteFideId "4122046"]
[BlackFideId "13402854"]
[WhiteElo "2169"]
[BlackElo "2341"]
[Result "1/2-1/2"]
[Round "03"]
[TimeControl "180+1"]
[Date "2022.10.12"]
[WhiteClock "0:00:51"]
[BlackClock "0:00:37"]

1. d4 d5 2. c4 e6 3. Nc3 Nf6 4. cxd5 exd5 5. Bg5 c6 6. Qc2 Nbd7 7. e3 Be7 8. Bd3 h6 9. Bh4 Nh5 10. Bxe7 Qxe7 11. Nge2 Nb6 12. O-O-O Bd7 13. Kb1 O-O-O 14. Nc1 Kb8 15. Nb3 Nf6 16. Nc5 Ne8 17. Rc1 Nd6 18. N3a4 g6 19. Nxd7+ Nxd7 20. Nc5 Nxc5 21. Qxc5 Rhe8 22. Rhe1 Qg5 23. g3 Ne4 24. Bxe4 dxe4 25. h4 Qf6 26. Rc2 Rd5 27. Qa3 Qd6 28. Qxd6+ Rxd6 29. Rec1 Ree6 30. Rc5 Rf6 31. R1c2 Rd5 32. Rxd5 cxd5 33. Kc1 b6 34. Kd1 Kb7 35. Ke2 Rd6 36. b4 g5 37. h5 a6 38. a4 f5 39. Rc1 Rf6 40. b5 axb5 41. axb5 Rd6 42. Rc2 Rf6 43. Rc1 Rd6 44. Rc2 Rf6 45. Rc1 1/2-1/2


[Site "https://www.chess.com"]

[Event "Titled Tuesday Blitz October 11 Late 2022"]
[White "Melkumyan, Hrant"]
[Black "Bernadskiy, Vitaliy"]
[WhiteFideId "13302485"]
[BlackFideId "14100371"]
[WhiteElo "2604"]
[BlackElo "2473"]
[Result "1-0"]
[Round "03"]
[TimeControl "180+1"]
[Date "2022.10.11"]
[WhiteClock "0:01:34"]
[BlackClock "0:00:16"]

1. Nf3 Nf6 2. c4 e6 3. Nc3 d5 4. e3 Bd6 5. b3 b6 6. g3 Bb7 7. Bg2 O-O 8. O-O Nbd7 9. Bb2 a6 10. Qe2 c5 11. cxd5 exd5 12. d4 Re8 13. Rfd1 Qe7 14. Rac1 Rad8 15. dxc5 bxc5 16. Nh4 Qe6 17. Qc2 Nb6 18. Ne2 Ba8 19. Nf5 Bf8 20. Nf4 Qc6 21. Nd4 Qc7 22. Nf5 Qc6 23. h3 Bb7 24. a4 c4 25. a5 Nbd7 26. bxc4 Rc8 27. Qb1 Qc7 28. cxd5 Qxa5 29. Bxf6 Nxf6 30. Qxb7 1-0


[Site "https://www.chess.com"]

[Event "Titled Tuesday Blitz October 11 Late 2022"]
[White "Mickiewicz, Piotr"]
[Black "Wadsworth, Matthew J"]
[WhiteFideId "1114891"]
[BlackFideId "415804"]
[WhiteElo "2246"]
[BlackElo "2367"]
[Result "0-1"]
[Round "03"]
[TimeControl "180+1"]
[Date "2022.10.12"]
[WhiteClock "0:00:01"]
[BlackClock "0:01:41"]

1. Nf3 Nf6 2. g3 c6 3. Bg2 d5 4. O-O Bf5 5. d3 e6 6. b3 a5 7. a4 h6 8. Bb2 Bh7 9. Nbd2 Be7 10. Ne5 O-O 11. e4 Na6 12. Qe2 Nd7 13. Nxd7 Qxd7 14. f4 Nb4 15. Nf3 Qd6 16. Kh1 Rfd8 17. Ne5 dxe4 18. dxe4 f6 19. Nc4 Qc5 20. Bh3 b5 21. Bxe6+ Kh8 22. axb5 cxb5 23. Na3 Rd2 24. Qf3 Nxc2 25. Nxc2 Qxc2 26. Bxf6 0-1


[Site "https://www.chess.com"]

[Event "Titled Tuesday Blitz October 11 Late 2022"]
[White "Milosevic, Milos"]
[Black "Stanisz, Patryk"]
[WhiteFideId "964875"]
[BlackFideId "1123106"]
[WhiteElo "2321"]
[BlackElo "2069"]
[Result "1-0"]
[Round "03"]
[TimeControl "180+1"]
[Date "2022.10.12"]
[WhiteClock "0:00:29"]
[BlackClock "0:00:02"]

1. e4 c5 2. Nc3 Nc6 3. Bb5 g6 4. Bxc6 dxc6 5. d3 Bg7 6. Be3 b6 7. Qd2 h6 8. Nge2 Nf6 9. h3 e5 10. O-O Qe7 11. Rae1 g5 12. Ng3 Qc7 13. Nf5 Bxf5 14. exf5 O-O-O 15. a4 e4 16. Qe2 exd3 17. cxd3 Rhe8 18. Rd1 Qd7 19. Qf3 Nd5 20. Ne4 Be5 21. a5 Kb7 22. Bxc5 Bc7 23. axb6 axb6 24. Be3 f6 25. Rfe1 h5 26. b4 g4 27. hxg4 hxg4 28. Qxg4 Rg8 29. Qf3 Rg7 30. b5 Rdg8 31. bxc6+ Qxc6 32. g3 Nxe3 33. Rxe3 Kb8 34. Ra1 Rh8 35. Nxf6 Qxf3 36. Rxf3 Be5 37. Rb1 Bxf6 38. Rxb6+ Kc7 39. Rxf6 Rgh7 40. Re3 Rh1+ 41. Kg2 R8h2+ 42. Kf3 Rf1 43. Re2 Rd1 44. Ke4 Kd7 45. Ra6 Rh8 46. Re3 Rd2 47. f3 Re8+ 48. Kf4 Rb8 49. Ra4 Rh8 50. g4 Rd1 51. f6 Rb1 52. Rae4 Rf8 53. g5 Rb6 54. Kf5 Rb5+ 55. Re5 Rb1 56. f4 Rb4 57. Re7+ Kd6 58. R7e6+ Kd7 59. R3e5 Rh8 60. f7 Kd8 61. Re8+ Kd7 62. Rxh8 Rb7 63. f8=Q Kc6 64. Qc8+ Rc7 65. Rh6# 1-0


[Site "https://www.chess.com"]

[Event "Titled Tuesday Blitz October 11 Late 2022"]
[White "Nakamura, Hikaru"]
[Black "D`Arruda, Ricardo D."]
[WhiteFideId "2016192"]
[BlackFideId "100692"]
[WhiteElo "2909"]
[BlackElo "2459"]
[Result "1-0"]
[Round "03"]
[TimeControl "180+1"]
[Date "2022.10.11"]
[WhiteClock "0:01:39"]
[BlackClock "0:00:24"]

1. Nf3 d5 2. g3 Nf6 3. Bg2 c6 4. d3 Nbd7 5. Nbd2 e5 6. e4 dxe4 7. dxe4 Be7 8. O-O O-O 9. b3 Re8 10. Bb2 Bf8 11. Qe2 Qc7 12. a4 Nc5 13. a5 Bg4 14. h3 Bxf3 15. Bxf3 Ne6 16. c3 a6 17. b4 c5 18. b5 Red8 19. bxa6 bxa6 20. Nc4 Ne8 21. Nb6 Ra7 22. Rfd1 Nd6 23. h4 Nc8 24. Nd5 Qb8 25. Bg4 Nd6 26. Ba3 Nb5 27. Bb2 Nec7 28. Nb6 Rxd1+ 29. Rxd1 Nd6 30. Nd7 Qe8 31. c4 f6 32. Ba3 Nc8 33. h5 Rb7 34. h6 Bd6 35. hxg7 Kxg7 36. Bf5 Ne6 37. Qg4+ Kf7 38. Qh5+ Ke7 39. Qxe8+ 1-0


[Site "https://www.chess.com"]

[Event "Titled Tuesday Blitz October 11 Late 2022"]
[White "Nasuta, Grzegorz"]
[Black "De Souza, Cristiano Gomes"]
[WhiteFideId "1141686"]
[BlackFideId "2151758"]
[WhiteElo "2442"]
[BlackElo "2068"]
[Result "1-0"]
[Round "03"]
[TimeControl "180+1"]
[Date "2022.10.12"]
[WhiteClock "0:00:05"]
[BlackClock "0:00:19"]

1. e4 c5 2. Nf3 d6 3. Bb5+ Bd7 4. Bxd7+ Qxd7 5. c4 Nc6 6. d4 cxd4 7. Nxd4 g6 8. Nc3 Bg7 9. Be3 Nf6 10. f3 O-O 11. O-O b6 12. Rc1 Rac8 13. b3 Nxd4 14. Bxd4 Qb7 15. Kh1 Rfe8 16. Qd2 Nd7 17. Bxg7 Kxg7 18. f4 Qc6 19. Rf3 a5 20. Rh3 h5 21. Rf1 Nc5 22. Qe3 e6 23. f5 exf5 24. Qd4+ Re5 25. exf5 Re8 26. fxg6 fxg6 27. Rhf3 Re7 28. Nd5 Rb7 29. Qf4 Rf5 30. Qd4+ Re5 31. Qf2 Qe8 32. Rf8 Qe6 33. Rf6 Rf5 34. Rxf5 Qxf5 35. Qxf5 gxf5 36. Rxf5 Ne4 37. Kg1 b5 38. cxb5 Rxb5 39. Ne3 Rc5 40. Rxc5 dxc5 41. Nc4 Nc3 42. a4 Ne2+ 43. Kf2 Nd4 44. Nxa5 Kf6 45. Ke3 Ke5 46. g3 Kd5 47. h3 Nf5+ 48. Kf4 Nd4 49. Kg5 Ke4 50. Kxh5 Kf3 51. g4 Kg3 52. g5 Kxh3 53. g6 Kg3 54. g7 Kf3 55. g8=Q Ke3 56. Qc4 1-0


[Site "https://www.chess.com"]

[Event "Titled Tuesday Blitz October 11 Late 2022"]
[White "Ovezdurdyyeva, Jemal"]
[Black "Koellner, Ruben Gideon"]
[WhiteFideId "14001888"]
[BlackFideId "12993093"]
[WhiteElo "1961"]
[BlackElo "2303"]
[Result "0-1"]
[Round "03"]
[TimeControl "180+1"]
[Date "2022.10.12"]
[WhiteClock "0:00:01"]
[BlackClock "0:00:22"]

1. e4 d6 2. d4 Nf6 3. Nc3 e5 4. Nf3 Nbd7 5. Be2 c6 6. O-O Be7 7. d5 h6 8. Nh4 g6 9. dxc6 bxc6 10. Nf3 Kf8 11. Ne1 Kg7 12. f4 exf4 13. Bxf4 Ne5 14. Kh1 Be6 15. Nd3 Nfd7 16. Qe1 Bg5 17. Bg3 h5 18. Rd1 h4 19. Bxe5+ dxe5 20. Nxe5 Qe7 21. Rxd7 Bxd7 22. Rxf7+ Qxf7 23. Nxf7 Kxf7 24. Bc4+ Kg7 25. e5 Rae8 26. Qd1 Bf5 27. Qd6 Rd8 28. Qc7+ Rd7 29. Qxc6 Rhd8 30. Kg1 Rd2 31. e6 Kh6 32. Bd5 Rxc2 33. g3 h3 34. Qb7 Be3+ 35. Kf1 Bd3+ 36. Ke1 Rf2 37. Ne2 Rxe2+ 38. Kd1 Rf2 39. Bg2 hxg2 0-1


[Site "https://www.chess.com"]

[Event "Titled Tuesday Blitz October 11 Late 2022"]
[White "Pakleza, Zbigniew"]
[Black "Pert, Richard G"]
[WhiteFideId "1119290"]
[BlackFideId "404748"]
[WhiteElo "2411"]
[BlackElo "2441"]
[Result "1-0"]
[Round "03"]
[TimeControl "180+1"]
[Date "2022.10.12"]
[WhiteClock "0:00:04"]
[BlackClock "0:00:21"]

1. d4 d5 2. Bf4 Nf6 3. e3 c5 4. c3 Nc6 5. Nd2 g6 6. Ngf3 Qb6 7. Qb3 c4 8. Qxb6 axb6 9. a3 b5 10. Rc1 Nh5 11. Bc7 Kd7 12. Bg3 f6 13. e4 e6 14. Be2 Bh6 15. Rd1 Ne7 16. O-O Nxg3 17. hxg3 Kc6 18. Rfe1 Bd7 19. g4 Rae8 20. g3 Kc7 21. Kg2 dxe4 22. Nxe4 Bg7 23. g5 f5 24. Nf6 Bxf6 25. gxf6 Nd5 26. f7 Re7 27. Ne5 Bc6 28. Bf3 g5 29. Kf1 g4 30. Bg2 h5 31. Ng6 Rxf7 32. Nxh8 Rf6 33. Re5 Kd6 34. Rde1 h4 35. gxh4 f4 36. Bxd5 Bxd5 37. h5 g3 38. Ng6 f3 39. fxg3 f2 40. Rxd5+ exd5 41. Re3 Rf5 42. Nf4 Rxh5 43. Nxh5 b4 44. axb4 1-0


[Site "https://www.chess.com"]

[Event "Titled Tuesday Blitz October 11 Late 2022"]
[White "Paravyan, David"]
[Black "Danielyan, Vahe"]
[WhiteFideId "4194985"]
[BlackFideId "13304828"]
[WhiteElo "2555"]
[BlackElo "2421"]
[Result "1-0"]
[Round "03"]
[TimeControl "180+1"]
[Date "2022.10.11"]
[WhiteClock "0:00:09"]
[BlackClock "0:00:04"]

1. e4 c6 2. d4 d5 3. e5 Bf5 4. h4 h6 5. Bd3 Bxd3 6. cxd3 e6 7. Nc3 Nd7 8. h5 Ne7 9. Nf3 Nf5 10. g4 Ne7 11. Kf1 c5 12. dxc5 Nxc5 13. d4 Ne4 14. Qb3 Nxc3 15. bxc3 b6 16. Be3 Rc8 17. Rc1 Nc6 18. c4 dxc4 19. Qxc4 Qd5 20. Qxd5 exd5 21. Ng1 Ba3 22. Rc3 Bb4 23. Rc2 Kd7 24. Ne2 Na5 25. Rxc8 Rxc8 26. Nf4 Be7 27. Nxd5 Rc2 28. Nxe7 Kxe7 29. g5 Nc4 30. Bf4 hxg5 31. Bxg5+ Ke6 32. h6 gxh6 33. Rxh6+ Kd5 34. Rh7 Kxd4 35. Rxf7 Kxe5 36. Rxa7 Kf5 37. Bh6 Kg6 38. Bf4 Kf5 39. Bg3 Ke4 40. a4 Ra2 41. Kg2 Ne3+ 42. Kh3 Nd5 43. Kg4 b5 44. a5 b4 45. a6 b3 46. Rb7 Rxa6 47. f3+ Kd4 48. Rxb3 Rg6+ 49. Kh3 Rh6+ 50. Kg2 Ra6 51. Bf2+ Ke5 52. Rb5 Ra2 53. Kg3 Ke6 54. Rb8 Ra3 55. Bd4 Rd3 56. Re8+ Kf7 57. Re4 Nc3 58. Rf4+ Kg6 59. Kf2 Nb5 60. Be3 Rb3 61. Rc4 Rb2+ 62. Kg3 Kf5 63. Rc5+ Ke6 64. f4 Rb3 65. Kf2 Rb2+ 66. Kf3 Rb3 67. Rh5 Nd4+ 68. Ke4 Nf5 69. Bf2 Ng3+ 70. Bxg3 Rxg3 71. Rh6+ Kf7 72. Kf5 Ra3 73. Rh7+ Kg8 74. Re7 Kf8 75. Kf6 Ra6+ 76. Re6 Ra4 77. f5 Ra8 78. Rc6 Rb8 79. Ra6 Rc8 80. Kg6 Kg8 81. f6 Rd8 82. Ra7 Rb8 83. Rg7+ Kh8 84. Rh7+ Kg8 85. f7+ 1-0


[Site "https://www.chess.com"]

[Event "Titled Tuesday Blitz October 11 Late 2022"]
[White "Petrova, Irina"]
[Black "Taboas Rodriguez, Daniel"]
[WhiteFideId "14124122"]
[BlackFideId "2208466"]
[WhiteElo "2023"]
[BlackElo "2429"]
[Result "0-1"]
[Round "03"]
[TimeControl "180+1"]
[Date "2022.10.12"]
[WhiteClock "0:00:01"]
[BlackClock "0:00:12"]

1. e4 e5 2. Nf3 Nc6 3. Bb5 Nf6 4. d3 d6 5. h3 g6 6. O-O Bg7 7. c4 O-O 8. Nc3 Nh5 9. Nd5 Nb8 10. Ba4 c6 11. Nc3 Nd7 12. d4 Qe7 13. Bc2 exd4 14. Nxd4 Ne5 15. b3 Qh4 16. Be3 Bxh3 17. gxh3 Qxh3 18. f3 c5 19. Ndb5 Qg3+ 20. Kh1 Qh4+ 21. Kg2 Qg3+ 22. Kh1 Qh3+ 23. Kg1 Ng3 24. Kf2 a6 25. Na3 Qh2+ 26. Ke1 Ng4 27. fxg4 Bxc3+ 28. Bd2 Bxa1 29. Bd3 Nxf1 30. Bxf1 Bd4 0-1


[Site "https://www.chess.com"]

[Event "Titled Tuesday Blitz October 11 Late 2022"]
[White "Pham, Le Thao Nguyen"]
[Black "Lopez Perdomo, Juan David"]
[WhiteFideId "12401226"]
[BlackFideId "4405137"]
[WhiteElo "2282"]
[BlackElo "1965"]
[Result "1-0"]
[Round "03"]
[TimeControl "180+1"]
[Date "2022.10.12"]
[WhiteClock "0:00:15"]
[BlackClock "0:00:00"]

1. g3 e6 2. Bg2 d5 3. Nf3 Nf6 4. O-O Be7 5. d3 O-O 6. Nbd2 b6 7. b3 Bb7 8. a4 c5 9. a5 b5 10. Bb2 a6 11. Ne5 Nc6 12. Nxc6 Bxc6 13. c4 Qc7 14. Nf3 d4 15. cxb5 axb5 16. a6 Qb6 17. e4 Rxa6 18. Rxa6 Qxa6 19. b4 cxb4 20. Nxd4 Rd8 21. Qc2 Bd7 22. Ra1 Qb6 23. Nb3 Rc8 24. Qe2 Bc6 25. Bd4 Qd8 26. h4 h6 27. Ra7 Ra8 28. Qa2 Bf8 29. Qa6 Rxa7 30. Qxa7 Ng4 31. Na5 Ba8 32. Bf3 Nf6 33. Kg2 Nd7 34. Nb3 e5 35. Bb2 Nf6 36. Bxe5 Qxd3 37. Qxa8 Qxb3 38. Bd6 Nd7 39. Bg4 Qd3 40. e5 b3 41. Bxd7 b2 42. Qxf8+ Kh7 43. g4 Qe4+ 44. Kh2 Qf4+ 45. Kg2 Qe4+ 46. Kg3 Qd3+ 47. f3 b1=Q 48. Bf5+ Qxf5 49. gxf5 Qxf5 50. Qa8 Qg6+ 51. Kf4 Qd3 52. Qe4+ Qxe4+ 53. Kxe4 Kg6 54. Kd4 1-0


[Site "https://www.chess.com"]